 Dungeon Crawl Stone Soup version 0.30-a0-469-g84de5afbc5 (webtiles) character file.

Game seed: 5382570020010310906

1712 gelatine the Cutter (level 8, -2/60 HPs)
             Began as a Demonspawn Gladiator on Dec 19, 2022.
             Slain by Prince Ribbit (14 damage)
             ... on level 6 of the Dungeon.
             The game lasted 00:12:40 (4616 turns).

gelatine the Cutter (Demonspawn Gladiator)          Turns: 4616, Time: 00:12:41

Health: -2/60      AC: 10    Str: 19    XL:     8   Next: 74%
Magic:  8/8        EV:  9    Int: 11    God:
Gold:   202        SH:  6    Dex: 17    Spells: 7/7 levels left

rFire   . . .      SeeInvis +    z - +10 dagger "Demonslayer" {flame, Str+3 Dex+3}
rCold   . . .      Faith    .    h - +1 buckler
rNeg    . . .      Spirit   .    y - +0 chain mail
rPois   .          Reflect  .    (helmet restricted)
rElec   .          Harm     +    x - scarf {harm}
rCorr   .          Rampage  .    (no gloves)
Will    .....                    i - +0 pair of boots
Stlth   ..........               B - amulet of magic regeneration
HPRegen 0.30/turn                k - ring of see invisible
MPRegen 0.51/turn                s - ring of flight

@: flying
A: antennae 1, hooves 2, spiny 1, demonic magic 1
a: no special abilities


You were on level 6 of the Dungeon.
You visited 1 branch of the dungeon, and saw 6 of its levels.
You also visited: Sewer.

You collected 298 gold pieces.
You spent 96 gold pieces at shops.

Inventory:

Hand Weapons
 a - a +1 war axe
 z - the +10 dagger "Demonslayer" (weapon) {flame, Str+3 Dex+3}
   (You found it on level 3 of the Dungeon)

   It burns those it strikes, dealing additional fire damage.
   Str:       It affects your strength (+3).
   Dex:       It affects your dexterity (+3).
Missiles
 d - 2 throwing nets (quivered)
 e - a javelin
 r - 10 poisoned darts
Armour
 b - a +0 leather armour
 c - a +0 helmet
 h - a +1 buckler (worn)
 i - a +0 pair of boots (worn)
 x - a scarf of harm (worn)
 y - a +0 chain mail (worn)
 H - a +0 plate armour
Magical Staves
 F - a staff of cold
Jewellery
 k - a ring of see invisible (left hand)
 s - a ring of flight (right hand)
 B - an amulet of magic regeneration (around neck)
 E - a ring of positive energy
 G - a ring of wizardry
 O - an amulet of regeneration
Wands
 A - a wand of roots (9)
Scrolls
 j - a scroll of amnesia
 n - a scroll of magic mapping
 p - 4 scrolls of blinking
 q - a scroll of vulnerability
 t - 3 scrolls of fear
 u - a scroll of immolation
 w - a scroll of enchant armour
 I - 2 scrolls of fog
 K - a scroll of noise
 M - 2 scrolls of teleportation
Potions
 f - 4 potions of brilliance
 g - 2 potions of might
 l - 2 potions of lignification
 m - 3 potions of haste
 o - 2 potions of invisibility
 v - a potion of magic
 C - 2 potions of curing
 D - 2 potions of heal wounds
 J - a potion of attraction {unknown}
 L - a potion of degeneration {unknown}
 P - a potion of flight {unknown}


   Skills:
 + Level 3.9 Fighting
 + Level 5.1 Short Blades
 + Level 5.0 Axes
 + Level 1.8 Throwing
 + Level 4.6 Armour
 + Level 4.2 Dodging
 + Level 2.6 Stealth
 + Level 2.2 Shields


You had 7 spell levels left.
You didn't know any spells.
Your spell library was empty.

Dungeon Overview and Level Annotations

Branches:
Dungeon (6/15)             Temple (0/1) D:6           Sewer (visited)

Altars:
Cheibriados

Shops:
D:3 =(!!   D:4 :

Annotations:
D:4 3 runed translucent doors, lotum's ghost, amateur DsCA
D:6 Prince Ribbit


Innate Abilities, Weirdness & Mutations

You have a pair of small antennae on your head.
You have hoof-like feet.
You are partially covered in sharp spines.
Spells you cast may paralyse adjacent enemies.


Message History

The ice beast is struck by your spines. The ice beast barely misses you.
You hit Duvessa. You burn Duvessa.
Duvessa is almost dead.
You closely miss Duvessa.
Duvessa is almost dead.
Duvessa hits you but does no damage.
The ice beast hits you but does no damage.
You hit Duvessa. You burn Duvessa.
Duvessa is almost dead.
Duvessa hits you but does no damage.
The ice beast hits you but does no damage.
You hit Duvessa. You burn Duvessa.
You kill Duvessa!
Dowan screams, "No!
Oh no!"
Dowan seems to find hidden reserves of power!
The ice beast is struck by your spines. The ice beast closely misses you.
You hit the ice beast.
You melt the ice beast.
The ice beast is heavily wounded.
You hit the ice beast.
You melt the ice beast.
The ice beast is almost dead.
The ice beast barely misses you.
You puncture the ice beast!
You melt the ice beast.
You kill the ice beast!
Dowan is struck by your spines. Dowan barely misses you.
You hit Dowan. You burn Dowan.
Dowan is almost dead.
Dowan points at you and mumbles some strange words.
The shard of ice hits you!
* * * LOW HITPOINT WARNING * * *
You hear a loud, deep croak!
You hit Dowan. You burn Dowan.
You kill Dowan!
You hear a shout!
Prince Ribbit comes into view.
Your Short Blades skill increases to level 5!
An orc warrior and an orc come into view.
The orc warrior is wielding a +2 long sword of protection.
The orc warrior shouts!
Prince Ribbit is struck by your spines. Prince Ribbit hits you!
You die...

) #... #.#.# . # ##...
#.#... # #...# #.. .# ..
##.#.# #.##.#.>.
########..#.###.......
.....[....†.....!.# #
).######.##.##..#.#.#.#.
#...###..##.###.#....o.o
###.##..###.###)@F.#
#.............##.#
####.####.##... .. #.#
#[##... .[# ##.#
#.#####. .# ##.....# .
.. ...# ### .# #
########## .##......#


You could see Prince Ribbit, an orc warrior and an orc.

Vanquished Creatures
  Duvessa (D:6)
  Pargi (Sewer)
  A black bear (D:6)
  2 ice beasts
  2 centaurs (D:5)
  2 phantoms
  3 scorpions
  A necrophage (D:5)
  Dowan (D:6)
  A hound (D:5)
  2 jellies
  4 orc priests
  4 iguanas (D:5)
  4 orc wizards
  8 gnolls
  4 adders
  2 ufetubi
  2 worms
  3 dart slugs
  10 orcs
  10 ball pythons
  5 bats
  5 endoplasms
  8 giant cockroaches
  3 goblins
  12 hobgoblins
  5 jackals
  A quokka (D:4)
  6 frilled lizards
  2 kobolds
  3 rats
118 creatures vanquished.

Vanquished Creatures (others)
  A fungus (D:1)
1 creature vanquished.

Grand Total: 119 creatures vanquished

Notes
Turn   | Place    | Note
-------+----------+-------------------------------------------
     0 | D:1      | gelatine the Demonspawn Gladiator began the quest for the
                  | Orb.
     0 | D:1      | Reached XP level 1. HP: 16/16 MP: 1/1
    84 | D:1      | Discovered your monstrous ancestry.
    84 | D:1      | Gained mutation: You have large cloven feet. [demonic
                  | ancestry]
    84 | D:1      | Reached XP level 2. HP: 18/22 MP: 2/2
   285 | D:1      | Found a faded altar of an unknown god.
   461 | D:1      | Reached XP level 3. HP: 27/27 MP: 3/3
  1251 | D:2      | Gained mutation: You are partially covered in sharp spines.
                  | [demonic ancestry]
  1251 | D:2      | Reached XP level 4. HP: 33/33 MP: 4/4
  1388 | D:3      | Identified the +10 dagger "Demonslayer" {flame, Str+3
                  | Dex+3}
  1461 | D:3      | Found Kakaravesh's Distillery.
  1469 | D:3      | Bought a potion of curing for 36 gold pieces
  1469 | D:3      | Bought a potion of heal wounds for 60 gold pieces
  1659 | D:3      | Found Custerph's Weapon Shop.
  1669 | D:3      | Found Caply's Jewellery Emporium.
  1926 | D:3      | Found Agoz's Distillery.
  1987 | D:4      | Gained mutation: You have a pair of small antennae on your
                  | head. [demonic ancestry]
  1987 | D:4      | Reached XP level 5. HP: 34/39 MP: 5/5
  2155 | D:4      | Reached skill level 1 in Armour
  2155 | D:4      | Reached skill level 1 in Stealth
  2232 | D:4      | Found a glowing drain.
  2236 | Sewer    | Entered a sewer
  2292 | Sewer    | Noticed Pargi
  2299 | Sewer    | Killed Pargi
  2300 | Sewer    | Reached skill level 1 in Short Blades
  2300 | Sewer    | Gained mutation: Spells you cast may paralyse adjacent
                  | enemies. [demonic ancestry]
  2300 | Sewer    | Reached XP level 6. HP: 46/46 MP: 6/6
  2422 | D:4      | Reached skill level 1 in Shields
  2452 | D:4      | Found a runed translucent gate.
  2452 | D:4      | Noticed lotum's ghost (amateur DsCA)
  2500 | D:4      | Found Corri's Book Shop.
  2762 | D:4      | Found a runed translucent gate.
  2763 | D:4      | Found a runed translucent gate.
  2991 | D:5      | Entered Level 5 of the Dungeon
  3078 | D:5      | Reached XP level 7. HP: 52/52 MP: 7/7
  3414 | D:5      | Reached skill level 5 in Axes
  3747 | D:5      | Gained mutation: You have hoof-like feet. [demonic
                  | ancestry]
  3747 | D:5      | Reached XP level 8. HP: 58/58 MP: 8/8
  4185 | D:5      | Found a snail-covered altar of Cheibriados.
  4596 | D:6      | Found a staircase to the Ecumenical Temple.
  4596 | D:6      | Noticed Duvessa
  4596 | D:6      | Noticed Dowan
  4610 | D:6      | Killed Duvessa
  4615 | D:6      | Killed Dowan
  4615 | D:6      | Noticed Prince Ribbit
  4616 | D:6      | Reached skill level 5 in Short Blades
  4616 | D:6      | Slain by Prince Ribbit

Illustrated notes

Levels and vault maps discovered:
D:1:      dpeg_arrival_prison, layout_basic, dilly_ecumenical_altar_fadedgnrine
D:2:      layout_rooms
D:3:      layout_loops_ring, serial_shops, shop, shop,
          nicolae_shop_advertising_works [nicolae_subvault_shop_adworks], shop
D:4:      layout_basic, gup_sewer_entry_spiral, biasface_ghost_orc_armoury,
          serial_shops, nicolae_stop_n_shop_2
D:5:      layout_layer_cave, chei_slow_surprise, palyth_stone_intersect
D:6:      layout_rooms, minmay_temple_entry_ruins, serial_bayou_pond_a,
          nicolae_eternal_life, uniq_duvessa, uniq_prince_ribbit1

Skill      XL: |  1  2  3  4  5  6  7  8 |
---------------+-------------------------+-----
Axes           | 3 4 5 |  5.0
Dodging        | 3 4 |  4.2
Armour         | 1 2 3 4 |  4.6
Stealth        | 1 2 |  2.6
Short Blades   | 1 3 5 |  5.1
Shields        | 1 2 |  2.2
Fighting       | 3 |  3.9
Throwing       | |  1.8

Action                   |  1- 3 |  4- 6 |  7- 9 || total
-------------------------+-------+-------+-------++-------
Melee: War axe           |   113 |     1 |       ||   114
       Punch             |     1 |       |       ||     1
       Dagger            |       |    83 |    82 ||   165
Throw: Throwing net      |       |     1 |       ||     1
  Use: Scroll            |       |     7 |    10 ||    17
 Stab: Sleeping          |     1 |       |       ||     1
       Held in net/web   |       |     1 |       ||     1
Armor: Leather armour    |    36 |       |       ||    36
       Chain mail        |       |    31 |    23 ||    54
Dodge: Dodged            |    80 |    23 |    28 ||   131
Block: Buckler           |    13 |    10 |    17 ||    40

Table legend: (Time is in decaauts)
 A = Elapsed time spent in this place.
 B = Non-inter-level travel time spent in this place.
 C = Inter-level travel time spent in this place.
 D = Time resting spent in this place.
 E = Time spent auto-exploring this place.
 F = Levels seen in this place.
 G = Mean time per level.
                   A        B        C        D        E       F      G
               +--------+--------+--------+--------+--------+-----+--------+
         Total |   4646 |   4459 |    187 |      0 |   3364 |   7 |  663.7 |
       Dungeon |   4534 |   4347 |    187 |      0 |   3297 |   6 |  755.7 |
         Sewer |    111 |    111 |      0 |      0 |     67 |   1 |  111.0 |
               +--------+--------+--------+--------+--------+-----+--------+

Top non-repeatable levels by time:
     D:5: 1419 daAuts
     D:4: 907 daAuts
     D:1: 877 daAuts
     D:3: 590 daAuts
     D:2: 545 daAuts
     D:6: 193 daAuts
   Sewer: 111 daAuts
